 Dungeon Crawl Stone Soup version 0.32-a0-928-g1cae6b7ea0 (webtiles) character file.

Game seed: 17120533118979260668

791 ezpacito the Trooper (level 7, -6/56 HPs)
             Began as a Coglin Chaos Knight on Apr 13, 2024.
             Was a Plaything of Xom.
             Mangled by Pikel the culicivora (24 damage)
             ... on level 4 of the Dungeon.
             The game lasted 00:04:14 (2762 turns).

ezpacito the Trooper (Coglin Chaos Knight)          Turns: 2762, Time: 00:04:14

Health: -6/56      AC:  7    Str: 14    XL:     7   Next: 88%
Magic:  10/10      EV: 12    Int: 11    God:    Xom [*.....]
Gold:   123        SH:  0    Dex: 14    Spells: 10/10 levels left

rFire   + . .        a - +0 hand axe (chaos) {Luis}
rCold   . . .        g - +1 whip (elec) {María}
rNeg    . . .        x - +3 leather armour
rPois   .            (no helmet)
rElec   .            (no cloak)
rCorr   .            (no gloves)
SInv    .            f - +0 pair of boots
Will    .....        (amulet unavailable)
Stlth   ++           (ring unavailable)
HPRegen 0.29/turn    (ring unavailable)
MPRegen 0.12/turn    (no gizmo)

%: clarity
@: revved
A: off-hand wielding, slow wielding, warmup strikes, no jewellery, clarity, fire
resistance 1, wild magic 1
a: Invent Gizmo, Renounce Religion


You were on level 4 of the Dungeon.
You worshipped Xom.
You were a special plaything of Xom.
You visited 1 branch of the dungeon, and saw 4 of its levels.

You collected 123 gold pieces.

Inventory:

Hand Weapons
 a - a +0 hand axe of chaos (weapon) {Luis}
 g - a +1 whip of electrocution (offhand) {María}
 o - a +0 spear
Missiles
 d - 3 boomerangs (quivered)
Armour
 f - a +0 pair of boots (worn)
 n - a +1 helmet
 u - a +0 chain mail
 x - a +3 leather armour (worn)
Talismans
 p - a beast talisman
 v - a blade talisman
Scrolls
 b - a scroll of amnesia
 j - 2 scrolls of noise
 m - a scroll of summoning {unknown}
 t - 2 scrolls of teleportation
 B - 3 scrolls of blinking
Potions
 e - a potion of mutation {unknown}
 k - a potion of ambrosia
 q - a potion of curing
 r - a potion of might {unknown}
 s - a potion of berserk rage {unknown}
 w - a potion of brilliance {unknown}


   Skills:
 * Level 5.5 Fighting
 * Level 5.4(6.2) Axes
 * Level 3.9(5.1) Polearms
 * Level 4.3 Armour
 * Level 4.1 Dodging
 + Level 3.5 Stealth
 + Level 2.2 Spellcasting


You had 10 spell levels left.
You didn't know any spells.
Your spell library was empty.

Dungeon Overview and Level Annotations

Branches:
Dungeon (4/15)             Temple (0/1) D:4

Altars:

Annotations:
D:4 Natasha, Pikel


Innate Abilities, Weirdness & Mutations

You can wield a second weapon in your off-hand.
It takes a long time for you to wield or remove held weapons.
Your first few attacks do less damage.
You cannot equip rings or amulets.
You possess an exceptional clarity of mind.
Your flesh is heat resistant. (rF+)
Your spells are a little harder to cast, but a little more powerful.


Message History

You take 11 damage, and have 30/56 hp.
You are too injured to fight recklessly!
You feel better. Pikel bites you!
Pikel draws strength from your injuries!
Pikel bites you.
Pikel draws strength from your injuries!
You take 8 damage, and have 22/56 hp.
Okay, then.
Throw: 3 boomerangs
Press: ? - help, Q - select action Shift-Dir - straight line, f/p - Pikel
Aim: Pikel the culicivora (34% to hit)
You throw a boomerang. The lemure shouts!
The boomerang hits Pikel.
Pikel is lightly wounded.
You hear a shout!
Pikel misses you. Pikel closely misses you.
You barely miss Pikel with your +1 whip of electrocution.
Pikel is lightly wounded.
You hit Pikel but do no damage.
Pikel seems to grow stronger.
Pikel bites you but does no damage.
You miss Pikel with your +0 hand axe of chaos.
Pikel is lightly wounded.
You miss Pikel with your +1 whip of electrocution.
Pikel barely misses you. Pikel bites you but does no damage.
You barely miss Pikel with your +0 hand axe of chaos.
Pikel is lightly wounded.
You barely miss Pikel with your +1 whip of electrocution.
Pikel closely misses you.
You hit Pikel but do no damage.
Pikel is lightly wounded.
You closely miss Pikel with your +0 hand axe of chaos.
Pikel bites you.
Pikel draws strength from your injuries!
You take 6 damage, and have 18/56 hp.
You miss Pikel with your +0 hand axe of chaos.
You miss Pikel with your +1 whip of electrocution.
Pikel bites you!!
You die...
Xom guffaws!

##.......## #.# #.#...####
+.......+ #.# .##5##
##.......## #.## ##.##.#
#....#....# #..####....b..
#..##+##..# #.#.##....b....
#.## ##.# #.##......##..##
#'#######'####.#.##†##.##b##
.................#5.)......#
#).###########.#@s5h5.......
#.###### #####5)⌠...⌠..#
.......# #.........#
######.# .?....>..b.. #.#
.##.b....b..# #.# #
#.b5.).⌠..# #.# ....b......
#.# ##.........# ...


You could see Pikel the culicivora (strong), 4 lemures and Natasha.

Vanquished Creatures
  The ghost of innerfire43 the Trooper, an amateur DsMo (D:3)
  A scorpion (D:4)
  2 centaur zombies (D:3)
  3 orc priests (D:3)
  4 hounds
  Natasha (twice) (D:4)
  An iguana (D:4)
  A howler monkey zombie (D:3)
  5 gnolls
  5 adders
  3 dart slugs (D:1)
  2 ribbon worms
  9 orcs
  11 endoplasms
  8 giant cockroaches
  12 goblins
  5 hobgoblins
  3 jackals (D:1)
  10 kobolds
  4 quokkas
  8 ball pythons
  4 frilled lizards
  9 rats
113 creatures vanquished.

Notes
Turn   | Place    | Note
-------+----------+-------------------------------------------
     0 | D:1      | ezpacito the Coglin Chaos Knight began the quest for the
                  | Orb.
     0 | D:1      | Reached XP level 1. HP: 18/18 MP: 1/1
    36 | D:1      | Reached skill level 1 in Dodging
    47 | D:1      | Reached XP level 2. HP: 17/24 MP: 2/2
   112 | D:1      | XOM: potion effect (experience)
   112 | D:1      | Reached skill level 1 in Spellcasting
   112 | D:1      | Reached XP level 3. HP: 31/31 MP: 2/5
   115 | D:1      | XOM: blink monster(s)
   118 | D:1      | Reached XP level 4. HP: 38/38 MP: 2/6
   121 | D:1      | XOM: 1-stop teleportation journey
   195 | D:1      | XOM is BORED!
   195 | D:1      | XOM: summons 3 hostile shadow creatures
   315 | D:1      | XOM: give mutations
   315 | D:1      | Gained mutation: You expend magic power (3 MP) to
                  | strengthen your wands. [Xom's mischief]
   315 | D:1      | Gained mutation: Your flesh is heat resistant. (rF+) [Xom's
                  | mischief]
   315 | D:1      | Gained mutation: You possess an exceptional clarity of
                  | mind. [Xom's mischief]
   381 | D:1      | XOM: silly message
   500 | D:1      | XOM: noise
   612 | D:2      | Reached XP level 5. HP: 43/43 MP: 7/7
  1310 | D:3      | XOM: god gift: beast talisman
  1520 | D:3      | Found a transporter.
  1566 | D:3      | Noticed innerfire43's ghost (amateur DsMo)
  1567 | D:3      | Found a transporter.
  1696 | D:3      | Reached skill level 5 in Fighting
  1696 | D:3      | Reached skill level 5 in Axes
  1696 | D:3      | Reached XP level 6. HP: 17/51 MP: 8/8
  2217 | D:3      | XOM: enchant monster (good)
  2223 | D:3      | XOM: swap monsters
  2243 | D:3      | XOM: give mutations
  2243 | D:3      | Lost mutation: You expend magic power (3 MP) to strengthen
                  | your wands. [Xom's mischief]
  2243 | D:3      | Gained mutation: Your spells are a little harder to cast,
                  | but a little more powerful. [Xom's mischief]
  2248 | D:3      | Killed innerfire43's ghost
  2249 | D:3      | Reached XP level 7. HP: 56/56 MP: 10/10
  2596 | D:4      | Found a staircase to the Ecumenical Temple.
  2604 | D:4      | Noticed Pikel
  2607 | D:4      | Pikel changed into Pikel the culicivora
  2607 | D:4      | Noticed Pikel
  2607 | D:4      | XOM: polymorph Pikel -> Pikel the culicivora
  2619 | D:4      | Noticed Natasha
  2625 | D:4      | Killed Natasha
  2685 | D:4      | Noticed Natasha
  2695 | D:4      | Killed Natasha
  2753 | D:4      | Noticed Natasha
  2762 | D:4      | Mangled by Pikel the culicivora

Illustrated notes

Levels and vault maps discovered:
D:1:      mrwooster_arrival_arrow, layout_basic, chequers_serial_rivers_small_a,
          minmay_surrounded
D:2:      layout_loops_ring
D:3:      layout_basic, gammafunk_ghost_mausoleum
D:4:      layout_loops_ring, minmay_temple_entry_large_hall, minmay_pentangle,
          uniq_pikel, uniq_natasha

Skill      XL: |  1  2  3  4  5  6  7 |
---------------+----------------------+-----
Dodging        | 1 3 4 |  4.1
Fighting       | 4 5 |  5.5
Axes           | 4 5 |  5.4
Polearms       | 3 |  3.9
Armour         | 3 4 |  4.3
Stealth        | 3 |  3.5
Spellcasting   | 1 2 |  2.2

Action                     |  1- 3 |  4- 6 |  7- 9 || total
---------------------------+-------+-------+-------++-------
  Melee: Dagger            |    21 |     1 |       ||    22
         Hand axe          |    24 |   136 |    62 ||   222
         Whip              |       |   141 |    64 ||   205
  Throw: Boomerang         |       |       |     2 ||     2
    Use: Potion            |       |     5 |     3 ||     8
         Scroll            |       |       |     8 ||     8
   Stab: Sleeping          |     2 |     8 |     2 ||    12
         Paralysed         |       |     1 |       ||     1
 Armour: Leather armour    |    22 |    71 |    40 ||   133
  Dodge: Dodged            |    10 |   100 |    41 ||   151

Table legend: (Time is in decaauts)
 A = Elapsed time spent in this place.
 B = Non-inter-level travel time spent in this place.
 C = Inter-level travel time spent in this place.
 D = Time resting spent in this place.
 E = Time spent auto-exploring this place.
 F = Levels seen in this place.
 G = Mean time per level.
                   A        B        C        D        E       F      G
               +--------+--------+--------+--------+--------+-----+--------+
         Total |   2711 |   2422 |    289 |      0 |   1775 |   4 |  677.8 |
       Dungeon |   2711 |   2422 |    289 |      0 |   1775 |   4 |  677.8 |
               +--------+--------+--------+--------+--------+-----+--------+

Top non-repeatable levels by time:
     D:3: 1157 daAuts
     D:2: 711 daAuts
     D:1: 519 daAuts
     D:4: 323 daAuts
